 Dungeon Crawl Stone Soup version 0.17.1-2-g5865329 (webtiles) character file.

248 Peloso the Shield-Bearer (level 5, 0/63 HPs)
             Began as a Minotaur Fighter on Feb 13, 2016.
             Succumbed to an orc wizard's poison
             ... on level 3 of the Dungeon.
             The game lasted 00:07:50 (2266 turns).

Peloso the Shield-Bearer (Minotaur Fighter)         Turns: 2266, Time: 00:07:50

Health: 0/63       AC: 22    Str: 23    XL:     5   Next: 86%
Magic:  4/4        EV:  2    Int:  2    God:
Gold:   135        SH: 10    Dex: 10    Spells: 0 memorised, 4 levels left

rFire  . . .     SeeInvis +     a - +0 long sword
rCold  . . .     Clarity  .     (armour currently unavailable)
rNeg   + + +     SustAt   .     c - +0 shield
rPois  +         Gourm    .     (helmet currently unavailable)
rElec  .         Spirit   .     (cloak currently unavailable)
rCorr  .         Warding  .     (gloves currently unavailable)
rMut   .         NoTele   +     (boots currently unavailable)
MR     .....                    (no amulet)
Stlth  +.........               h - -3 ring of intelligence (curse)
                                o - ring of see invisible

@: lethally poisoned (0 -> -20), tree-form, not resistant to hostile
enchantments, very unstealthy
A: (retaliatory headbutt), (horns 0), deterioration 1, frail 1, strong 1
a: no special abilities


You were on level 3 of the Dungeon.
You were not hungry.
You were a tree.
You visited 1 branch of the dungeon, and saw 3 of its levels.

You collected 135 gold pieces.

Inventory:

Hand Weapons
 a - a +0 long sword (weapon)
Armour
 b - a +0 scale mail
 c - a +0 shield (worn)
 j - a +0 chain mail
 w - a +0 plate armour (melded)
Jewellery
 h - a cursed -3 ring of intelligence (right branch)
 k - a +5 ring of evasion
 o - a ring of see invisible (left branch)
 r - an uncursed ring of flight
Scrolls
 f - 4 scrolls of enchant weapon {unknown}
 l - 5 scrolls of identify {unknown}
 m - 2 scrolls of remove curse {unknown}
 n - 2 scrolls of amnesia {unknown}
 q - 2 scrolls of blinking {unknown}
 x - a scroll of teleportation {unknown}
Potions
 d - a potion of might
 g - a potion of agility {unknown}
 s - a potion of flight
Comestibles
 e - a bread ration
 t - 4 chunks of flesh
 u - a meat ration
 v - 4 fruits


   Skills:
 + Level 4.7 Fighting
 + Level 3.9 Long Blades
 + Level 4.1 Armour
 + Level 2.3 Dodging
 + Level 0.1 Stealth
 + Level 5.5 Shields


You had 4 spell levels left.
You didn't know any spells.

Dungeon Overview and Level Annotations

Branches:
Dungeon (3/15)

Altars:
Makhleb
Trog
Vehumet
Xom
Zin


Innate Abilities, Weirdness & Mutations

((You reflexively headbutt those who attack you in melee.))
((You have a pair of horns on your head.))
Your body sometimes deteriorates upon taking damage.
You are frail (-10% HP).
Your muscles are strong. (Str +2)


Message History

Drink which item? (? for menu, Esc to quit)
It was a potion of flight.
You feel very buoyant.
You fly up into the air.
* * * LOW HITPOINT WARNING * * *
You feel sick. The orc hits you but does no damage.
The orc wizard hits you but does no damage.
You are more poisoned.
Drink which item? (? for menu, Esc to quit)
It was a potion of lignification.
You turn into a tree.
Your +0 plate armour melds into your body.
Your roots penetrate the ground.
* * * LOW HITPOINT WARNING * * *
You feel sick. The orc hits you with a mace.
* * * LOW HITPOINT WARNING * * *
The orc wizard hits you but does no damage.
Drink which item? (? for menu, Esc to quit)
It was a potion of mutation.
You feel extremely strange.
You feel stronger.
You feel yourself wasting away.
You feel frail.
You die...

### #.# #.## #...
################.##
#o♣................
#o##############...
####o# #
########...
#...o##.#
#..........
#....##.#
#####.#....
#.......# #......
#.......# #......
#.......######
#......
#..<.........#
#......


You could see an orc priest, an orc wizard and 2 orcs.

Vanquished Creatures
  A crimson imp (D:3)
  An orc wizard (D:3)
  A gnoll (D:2)
  8 adders
  6 worms
  A giant gecko (D:2)
  18 orcs (D:3)
  A ball python (D:2)
  2 giant cockroaches
  10 goblins
  7 hobgoblins
  2 jackals (D:2)
  6 bats
  5 giant newts
  7 kobolds
  A quokka (D:3)
  8 rats
85 creatures vanquished.

Notes
Turn   | Place    | Note
--------------------------------------------------------------
     0 | D:1      | Peloso the Minotaur Fighter began the quest for the Orb.
     0 | D:1      | Reached XP level 1. HP: 19/19 MP: 0/0
   246 | D:1      | Reached XP level 2. HP: 22/27 MP: 1/1
   259 | D:1      | Reached skill level 4 in Shields
   904 | D:2      | Reached XP level 3. HP: 33/33 MP: 2/2
  1025 | D:2      | Found a faded altar to an unknown god.
  1094 | D:2      | Reached skill level 1 in Dodging
  1202 | D:2      | Noticed a moth of wrath
  1208 | D:2      | Found a bloodstained altar of Trog.
  1229 | D:2      | Reached XP level 4. HP: 40/40 MP: 3/3
  1514 | D:2      | Found a shimmering altar of Xom.
  1554 | D:2      | Reached skill level 5 in Shields
  1715 | D:3      | Reached XP level 5. HP: 46/46 MP: 4/4
  1749 | D:3      | Found a radiant altar of Vehumet.
  1750 | D:3      | Found a burning altar of Makhleb.
  2139 | D:3      | Found a glowing silver altar of Zin.
  2265 | D:3      | HP: 2/70 [orc/mace (3)]
  2266 | D:3      | Gained mutation: Your muscles are strong. (Str +2) [potion of mutation]
  2266 | D:3      | Gained mutation: Your body sometimes deteriorates upon taking damage. [potion of mutation]
  2266 | D:3      | Gained mutation: You are frail (-10% HP). [potion of mutation]
  2266 | D:3      | Succumbed to an orc wizard's poison

Action                   |  1- 3 |  4- 6 || total
-------------------------+-------+-------++-------
Melee: Long sword        |    98 |   135 ||   233
  Use: Potion            |       |     3 ||     3
  Eat: Chunk             |     1 |     4 ||     5
